 Dungeon Crawl Stone Soup version 0.20.1-1-g8b1a95d (webtiles) character file.

120 slep the Chopper (level 5, -5/28 HPs)
             Began as a Vine Stalker Monk on Dec 21, 2017.
             Slain by a centaur (8 damage)
             ... on level 5 of the Dungeon.
             The game lasted 00:06:20 (1615 turns).

slep the Chopper (Vine Stalker Monk)                Turns: 1615, Time: 00:06:21

Health: -5/28      AC:  2    Str: 15    XL:     5   Next: 4%
Magic:  0/6        EV: 13    Int: 10    God:
Gold:   181        SH:  0    Dex: 16    Spells: 4/4 levels left

rFire    . . .     SeeInvis .   a - +0 hand axe
rCold    . . .     Gourm    .   (no shield)
rNeg     . . .     Faith    .   b - +0 robe
rPois    .         Spirit   +   (no helmet)
rElec    .         Reflect  .   (no cloak)
rCorr    .         Harm     .   (no gloves)
MR       .....                  (no boots)
Stlth    ++++......             (no amulet)
Regen    0.5/turn               t - ring of stealth
MPRegen  0.1/turn               (no ring)

@: no status effects
A: fangs 2, regeneration 1, magic shield, antimagic bite, no potion heal 3, rot
immunity
a: no special abilities


You were on level 5 of the Dungeon.
You were not hungry.

You visited 1 branch of the dungeon, and saw 5 of its levels.

You collected 181 gold pieces.

Inventory:

Hand Weapons
 a - a +0 hand axe (weapon)
Missiles
 d - 5 curare-tipped needles
 i - 30 poisoned needles
 p - 15 sling bullets
Armour
 b - a +0 robe (worn)
Jewellery
 k - a cursed ring of teleportation {unknown}
 t - a ring of stealth (left hand)
Wands
 v - a wand of confusion (19/48)
Scrolls
 g - 2 scrolls of remove curse {unknown}
 j - 2 scrolls of identify {unknown}
 l - a scroll of teleportation {unknown}
 o - a scroll of enchant weapon {unknown}
 q - a scroll of immolation {unknown}
 r - a scroll of enchant armour {unknown}
 w - a scroll of random uselessness {unknown}
Potions
 e - a potion of brilliance {unknown}
 f - a potion of magic {unknown}
 h - 2 potions of cancellation {unknown}
 m - a potion of heal wounds {unknown}
 x - a potion of resistance {unknown}
Comestibles
 c - 4 bread rations
 n - a royal jelly
 s - a meat ration
 u - 2 fruits


   Skills:
 + Level 3.3 Fighting
 + Level 3.7 Axes
 + Level 3.0 Dodging
 + Level 3.4 Stealth


You had 4 spell levels left.
You didn't know any spells.

Dungeon Overview and Level Annotations

Branches:
Dungeon (5/15)
 Temple: D:4-7

Altars:
Xom

Annotations:
D:3 MetaCosm's ghost, amateur GrFi
D:4 Sigmund


Innate Abilities, Weirdness & Mutations

You have extremely sharp teeth.
Your natural rate of healing is unusually fast.
When hurt, damage is shared between your health and your magic reserves.
Your bite disrupts and absorbs the magic of your enemies.
Potions cannot restore your health.
You are immune to rotting.


Message History

The centaur shouts!
The centaur wields a shortbow.
The centaur shoots an arrow.
The arrow hits you!
Things that are here:
an arrow; a ruby potion The centaur shoots an arrow.
The arrow hits you!
* * * LOW HITPOINT WARNING * * *
You see here an arrow.
The centaur shoots an arrow.
The arrow barely misses you.
The centaur unwields an uncursed shortbow.
The centaur hits you.
* * * LOW HITPOINT WARNING * * *
The centaur hits you.
* * * LOW HITPOINT WARNING * * *
The centaur hits you.
* * * LOW HITPOINT WARNING * * *
The centaur closely misses you.
You hit the centaur. You bite the centaur, but do no damage.
The centaur is lightly wounded.
The centaur hits you!
You die...

#. #.# #.### #......
..... ######..##.# #.##.
...##..##.# #....
.########.##..##.###.##.
.....................##.
.................###.##.
........c...............
#..@....((.#####.#..
#.#......(.......### ..
#.#.#....####### ##
#.#.#....# #.#.#....#
#.#.#....# #.#.#......
#.#.##...##


You could see a centaur.

Vanquished Creatures
  A worker ant (D:4)
  3 adders (D:2)
  An ooze (D:1)
  An adder skeleton (D:4)
  2 worms (D:2)
  2 leopard geckos
  3 orcs (D:4)
  7 bats
  3 giant cockroaches
  11 goblins
  3 hobgoblins
  4 kobolds
  3 quokkas
  A ball python (D:3)
  A frilled lizard (D:3)
  4 rats
50 creatures vanquished.

Notes
Turn   | Place    | Note
-------+----------+-------------------------------------------
     0 | D:1      | slep the Vine Stalker Monk began the quest for the Orb.
     0 | D:1      | Reached XP level 1. HP: 11/11 MP: 2/2
    87 | D:1      | Reached XP level 2. HP: 16/16 MP: 3/3
   527 | D:2      | Reached XP level 3. HP: 15/20 MP: 4/4
  1067 | D:2      | Gained mutation: Your natural rate of healing is unusually fast. [Vine Stalker growth]
  1067 | D:2      | Reached XP level 4. HP: 19/24 MP: 2/5
  1400 | D:3      | Noticed MetaCosm's ghost (amateur GrFi)
  1471 | D:4      | Reached XP level 5. HP: 14/28 MP: 6/6
  1499 | D:4      | Noticed Sigmund
  1519 | D:4      | Found a shimmering altar of Xom.
  1585 | D:5      | Entered Level 5 of the Dungeon
  1608 | D:5      | Noticed a centaur
  1615 | D:5      | Slain by a centaur

Skill      XL: |  1  2  3  4 |
---------------+-------------+-----
Fighting       | 3 |  3.3
Axes           | 3 |  3.7
Stealth        | 3 |  3.4
Dodging        | 3 |  3.0

Action                   |  1- 3 |  4- 6 || total
-------------------------+-------+-------++-------
Melee: Hand axe          |    84 |    46 ||   130
       Bite              |    16 |    15 ||    31
 Stab: Sleeping          |     9 |     6 ||    15
  Eat: Chunk             |       |     2 ||     2
Armor: Robe              |    14 |     4 ||    18
Dodge: Dodged            |    58 |    22 ||    80
